 Dungeon Crawl Stone Soup version 0.29-a0-88-g03a7b78be7 (webtiles) character file.

Game seed: 11470864660898444774

55 enile the Prestidigitator (level 3, -2/26 HPs)
             Began as a Gnoll Wanderer on Feb 6, 2022.
             Killed from afar by Natasha (5 damage)
             ... with a magic dart
             ... on level 2 of the Dungeon.
             The game lasted 00:04:04 (2862 turns).

enile the Prestidigitator (Gnoll Wanderer)          Turns: 2862, Time: 00:04:04

Health: -2/26      AC:  6    Str: 13    XL:     3   Next: 93%
Magic:  4/4        EV:  9    Int:  9    God:
Gold:   129        SH:  0    Dex: 13    Spells: 4/4 levels left

rFire   . . .      SeeInvis .   l - +0 mace
rCold   . . .      Faith    .   (no shield)
rNeg    . . .      Spirit   .   e - +0 scale mail
rPois   .          Reflect  .   (no helmet)
rElec   .          Harm     .   (no cloak)
rCorr   .          Rampage  .   (no gloves)
Will    .....                   (no boots)
Stlth   +.........              (no amulet)
HPRegen 0.08/turn               (no ring)
MPRegen 0.09/turn               (no ring)

@: no status effects
A: fangs 1, strong nose, distributed training
a: no special abilities


You were on level 2 of the Dungeon.
You visited 1 branch of the dungeon, and saw 3 of its levels.

You collected 129 gold pieces.

Inventory:

Hand Weapons
 a - a +0 dagger
 l - a +0 mace (weapon)
Missiles
 g - 8 poisoned darts
 n - 2 boomerangs (quivered)
Armour
 c - a +0 ring mail
 e - a +0 scale mail (worn)
Wands
 d - a wand of polymorph (14)
 p - a wand of iceblast (8)
Scrolls
 f - a scroll of identify {unknown}
 h - a scroll of blinking {unknown}
 j - a scroll of amnesia {unknown}
Potions
 b - a potion of attraction
 i - a potion of curing
 k - a potion of mutation {unknown}
 m - 3 potions of flight {unknown}
 o - a potion of ambrosia {unknown}
 q - a potion of heal wounds {unknown}
 r - a potion of magic {unknown}
 s - a potion of resistance {unknown}
 t - a potion of brilliance {unknown}


   Skills:
 + Level 1.0 Fighting
 + Level 1.0 Short Blades
 + Level 1.0 Long Blades
 + Level 1.0 Axes
 + Level 1.0 Maces & Flails
 + Level 1.0 Polearms
 + Level 1.0 Staves
 + Level 1.0 Slings
 + Level 1.0 Bows
 + Level 1.0 Crossbows
 + Level 1.0 Throwing
 + Level 2.6 Armour
 + Level 1.0 Dodging
 + Level 4.2 Stealth
 + Level 1.0 Shields
 + Level 4.6 Unarmed Combat
 + Level 1.0 Spellcasting
 + Level 0.7 Conjurations
 + Level 0.7 Hexes
 + Level 0.7 Summonings
 + Level 0.7 Necromancy
 + Level 0.7 Translocations
 + Level 0.7 Transmutations
 + Level 0.7 Fire Magic
 + Level 0.7 Ice Magic
 + Level 0.7 Air Magic
 + Level 0.7 Earth Magic
 + Level 0.7 Poison Magic
 + Level 1.0 Invocations
 + Level 10.4 Evocations


You had 4 spell levels left.
You didn't know any spells.
Your spell library was empty.

Dungeon Overview and Level Annotations

Branches:
Dungeon (3/15)

Altars:
Ru
Xom

Shops:
D:1 [

Annotations:
D:2 1 runed translucent door, Crazy Yiuf, Natasha


Innate Abilities, Weirdness & Mutations

You have very sharp teeth.
Your uncanny sense of smell can sniff out nearby items.
Your experience applies equally to all skills.


Message History

Natasha is heavily wounded.
Natasha barely misses you. Natasha claws you but does no damage.
You closely miss Natasha.
Natasha is heavily wounded.
Natasha closely misses you.
You closely miss Natasha. Your bite misses Natasha.
Natasha is heavily wounded.
Natasha barely misses you.
You closely miss Natasha. Your punch misses Natasha. Your bite misses Natasha.
Natasha is heavily wounded.
Natasha stares at you and mumbles some strange words.
The magic dart hits you. Natasha claws you.
You closely miss Natasha.
Natasha is heavily wounded.
Natasha claws you!
* * * LOW HITPOINT WARNING * * *
You hit Natasha.
Natasha is severely wounded.
Natasha barely misses you.
Natasha stares at you and mumbles some strange words.
The magic dart hits you.
* * * LOW HITPOINT WARNING * * *
You closely miss Natasha.
Natasha is severely wounded.
Natasha mumbles some strange words.
You hit Natasha.
Natasha is almost dead.
Natasha barely misses you.
You closely miss Natasha.
Natasha is almost dead.
Natasha stares at you and mumbles some strange words.
The magic dart hits you.
* * * LOW HITPOINT WARNING * * *
Natasha casts a spell at you. You resist with significant effort.
You closely miss Natasha.
Natasha is almost dead.
Natasha stares at you and mumbles some strange words.
The magic dart hits you.
You die...

#....
###.............##.
...
..##.....#.....####
...
.##########..#####
#.#..######..........
#..#..............>..
#......###..........
###5...####..#.#####
#h#......#...###
#@##..##.#...รท.##
#.# #......###..##
#.# ###......##...
#.# #)...#..<... #.#
#....######. #.#
#...... #.. #.#
#....#.####.#
#.####..#.#......#
#.#.....#.######..


You could see Natasha and a crimson imp (summoned).

Vanquished Creatures
  2 adders (D:2)
  A bat (D:2)
  An endoplasm (D:2)
  A giant cockroach (D:2)
  5 goblins
  4 hobgoblins
  3 jackals (D:1)
  2 quokkas (D:2)
  4 ball pythons
  5 frilled lizards
  5 kobolds
  2 rats
35 creatures vanquished.

Vanquished Creatures (others)
  4 fungi (D:2)
4 creatures vanquished.

Grand Total: 39 creatures vanquished

Notes
Turn   | Place    | Note
-------+----------+-------------------------------------------
     0 | D:1      | Reached skill level 10 in Evocations
     0 | D:1      | enile the Gnoll Wanderer began the quest for the Orb.
     0 | D:1      | enile set off with the following items: a +0 dagger, a
                  | potion of attraction, a +0 ring mail, a wand of polymorph
                  | (16)
     0 | D:1      | Reached XP level 1. HP: 13/13 MP: 1/1
   667 | D:1      | Reached XP level 2. HP: 11/19 MP: 2/2
   841 | D:1      | Found Panehant's Armour Emporium.
  1087 | D:2      | Noticed Terence
  1325 | D:1      | Noticed Terence
  1325 | D:1      | Terence changed into Terence the ball python
  1328 | D:1      | Killed Terence the ball python
  1773 | D:2      | Reached XP level 3. HP: 22/25 MP: 2/4
  1820 | D:2      | Reached skill level 1 in Invocations
  2388 | D:2      | You fall into a shaft and drop 1 floor!
  2388 | D:3      | Found a shimmering altar of Xom.
  2429 | D:3      | Found a sacrificial altar of Ru.
  2543 | D:3      | Reached skill level 1 in Fighting
  2543 | D:3      | Reached skill level 1 in Short Blades
  2543 | D:3      | Reached skill level 1 in Long Blades
  2543 | D:3      | Reached skill level 1 in Axes
  2543 | D:3      | Reached skill level 1 in Maces & Flails
  2543 | D:3      | Reached skill level 1 in Polearms
  2543 | D:3      | Reached skill level 1 in Staves
  2543 | D:3      | Reached skill level 1 in Slings
  2543 | D:3      | Reached skill level 1 in Bows
  2543 | D:3      | Reached skill level 1 in Crossbows
  2543 | D:3      | Reached skill level 1 in Throwing
  2543 | D:3      | Reached skill level 1 in Dodging
  2543 | D:3      | Reached skill level 1 in Shields
  2543 | D:3      | Reached skill level 1 in Spellcasting
  2777 | D:2      | Found a runed translucent door.
  2778 | D:2      | Noticed Crazy Yiuf
  2840 | D:2      | Noticed Natasha
  2862 | D:2      | Killed from afar by Natasha

Illustrated notes

Levels and vault maps discovered:
D:1:      psy_arrival_basics, layout_basic, serial_shops,
          nicolae_shop_window_shopping
D:2:      layout_rooms, uniq_terence, uniq_crazy_yiuf_cottage, uniq_natasha
D:3:      layout_loops_ring, nicolae_sif_muna_little_library,
          mainiacjoe_overflow_cross_hatched, mainiacjoe_overflow_alcove_1,
          dreamdust_ecumenical_altar_sealed_demon

Skill      XL: |  1  2  3 |
---------------+----------+-----
Evocations     | | 10.4
Invocations    | 1 |  1.0
Fighting       | 1 |  1.0
Short Blades   | 1 |  1.0
Long Blades    | 1 |  1.0
Axes           | 1 |  1.0
Maces & Flails | 1 |  1.0
Polearms       | 1 |  1.0
Staves         | 1 |  1.0
Slings         | 1 |  1.0
Bows           | 1 |  1.0
Crossbows      | 1 |  1.0
Throwing       | 1 |  1.0
Dodging        | 1 |  1.0
Shields        | 1 |  1.0
Spellcasting   | 1 |  1.0
Armour         | |  2.6
Stealth        | |  4.2
Unarmed Combat | |  4.6
Conjurations   | |  0.7
Hexes          | |  0.7
Summonings     | |  0.7
Necromancy     | |  0.7
Translocations | |  0.7
Transmutations | |  0.7
Fire Magic     | |  0.7
Ice Magic      | |  0.7
Air Magic      | |  0.7
Earth Magic    | |  0.7
Poison Magic   | |  0.7

Action                   || total
-------------------------++-------
Melee: Dagger            ||    76
       Bite              ||    14
       Punch             ||     3
       Mace              ||    97
Throw: Boomerang         ||    10
Evoke: Wand              ||     2
  Use: Potion            ||     1
Armor: Scale mail        ||   107
       Ring mail         ||     1
Dodge: Dodged            ||   105

Table legend: (Time is in decaauts)
 A = Elapsed time spent in this place.
 B = Non-inter-level travel time spent in this place.
 C = Inter-level travel time spent in this place.
 D = Time resting spent in this place.
 E = Time spent auto-exploring this place.
 F = Levels seen in this place.
 G = Mean time per level.
                   A        B        C        D        E       F      G
               +--------+--------+--------+--------+--------+-----+--------+
         Total |   2900 |   2807 |     93 |    596 |   1787 |   3 |  966.7 |
       Dungeon |   2900 |   2807 |     93 |    596 |   1787 |   3 |  966.7 |
               +--------+--------+--------+--------+--------+-----+--------+

Top non-repeatable levels by time:
     D:1: 1497 daAuts
     D:2: 1113 daAuts
     D:3: 288 daAuts
